 Dungeon Crawl Stone Soup version 0.31-a0-180-g519b7de00c (webtiles) character file.

Game seed: 4865048612475991208

286 qw the Shooter (level 6, -8/56 HPs)
             Began as a Naga Hunter on June 19, 2023.
             Mangled by an ogre
             ... wielding a +0 giant club
              (19 damage)
             ... on level 3 of the Dungeon.
             The game lasted 00:00:38 (1538 turns).

qw the Shooter (Naga Hunter)                        Turns: 1538, Time: 00:00:38

Health: -8/56      AC:  4    Str: 13    XL:     6   Next: 30%
Magic:  6/6        EV:  9    Int:  9    God:
Gold:   159        SH:  0    Dex: 17    Spells: 5/5 levels left

rFire   . . .        Y - +1 shortbow
rCold   . . .        (shield currently unavailable)
rNeg    . . .        c - +0 leather armour
rPois   +            (no helmet)
rElec   .            (no cloak)
rCorr   .            a - +0 pair of gloves
SInv    +            (no barding)
Will    .....        i - amulet of faith
Stlth   ++           (no ring)
HPRegen 0.29/turn    (no ring)
MPRegen 0.10/turn

%: faith
@: very slow
A: AC +2, large, see invisible, deformed body, poison resistance, slowness 2,
spit poison 1, naga tail 1
a: Spit Poison


You were on level 3 of the Dungeon.
You visited 1 branch of the dungeon, and saw 3 of its levels.

You collected 159 gold pieces.


Innate Abilities, Weirdness & Mutations

Your serpentine skin is tough. (AC +2)
You have supernaturally acute eyesight. (SInv)
Armour fits poorly on your strangely shaped body.
Your system is resistant to poisons. (rPois)
You cover ground very slowly.
You can spit poison.
You have a snake-like lower body.


   Skills:
 + Level 3.2 Fighting
 - Level 6.2 Ranged Weapons
 - Level 1.5 Dodging
 - Level 1.5 Stealth


You had 5 spell levels left.
You didn't know any spells.
Your spell library was empty.

Inventory:

Hand Weapons
 Y - a +1 shortbow (weapon)
Armour
 a - a +0 pair of gloves (worn)
 c - a +0 leather armour (worn)
Jewellery
 i - an amulet of faith (around neck)
Scrolls
 b - a scroll of identify
 k - a scroll of teleportation {unknown}
Potions
 d - a potion of heal wounds {unknown}
 e - a potion of degeneration {unknown}
 f - a potion of mutation {unknown}
 g - a potion of haste {unknown}
 h - a potion of enlightenment
 j - a potion of curing {unknown}

Dungeon Overview and Level Annotations

Branches:
Dungeon (3/15)

Altars:


Message History

You shoot an arrow. The arrow hits the adder.
The adder is severely wounded.
You shoot an arrow. The arrow completely misses the adder.
The adder bites you but does no damage.
You shoot an arrow. The arrow hits the adder!
You kill the adder!
You have got your breath back.
A worm comes into view.
Enter note:
Enter note: You shoot an arrow.
The arrow hits the worm!
The worm is moderately wounded.
An ogre comes into view. It is wielding a +0 giant club.
1531 ||| INVOKING Spit Poison.
Aiming: Spit Poison (1% risk of failure)
Press: ? - help, Shift-Dir - straight line, f - ogre, p - worm The splash of poison hits the ogre.
The ogre is lightly wounded.
You shoot an arrow. The arrow hits the ogre!
The ogre is moderately wounded.
You shoot an arrow. The arrow barely misses the ogre.
You shoot an arrow. The arrow barely misses the ogre.
The ogre hits you with a +0 giant club!!
You shoot an arrow. The arrow closely misses the ogre.
The arrow hits the worm!
The worm is heavily wounded.
You have got your breath back.
The ogre hits you with a +0 giant club!!
1536 ||| INVOKING Spit Poison.
Aiming: Spit Poison (1% risk of failure)
Press: ? - help, Shift-Dir - straight line, f/p - ogre The splash of poison hits the ogre!
The ogre is poisoned.
The ogre is heavily wounded.
You shoot an arrow. The arrow barely misses the ogre.
The arrow hits the worm.
The worm is heavily wounded.
The ogre barely misses you.
You shoot an arrow. The arrow hits the ogre.
The ogre is severely wounded.
You have got your breath back.
The ogre hits you with a +0 giant club!!
You die...

#....#>####.###
#....#>#......#
#....#.#......#
#....#.#......#
######.#......# .
#........# ...
####.#......#
.....##....#......#
....?wO@####......#
....##### ########
..


You could see an ogre (poisoned) and a worm.

Vanquished Creatures
  Sigmund (D:2)
  A hound (D:3)
  2 gnolls (D:1)
  2 adders (D:3)
  2 worms (D:3)
  2 dart slugs
  6 orcs (D:3)
  4 bats
  6 endoplasms
  4 giant cockroaches
  3 goblins
  5 hobgoblins
  2 kobolds
  A quokka (D:1)
  5 ball pythons
  4 frilled lizards
  4 rats
54 creatures vanquished.

Notes
Turn   | Place    | Note
-------+----------+-------------------------------------------
     0 | D:1      | qw the Naga Hunter began the quest for the Orb.
     0 | D:1      | Reached XP level 1. HP: 19/19 MP: 1/1
     0 | D:1      | 0 ||| qw: Version: 0.3-a-7-ge0c9b40
     0 | D:1      | 0 ||| qw: Game counter: 1062
     0 | D:1      | 0 ||| qw: Always use a shield: true
     0 | D:1      | 0 ||| qw: God list: Okawaru
     0 | D:1      | 0 ||| qw: Allow faded altars: false
     0 | D:1      | 0 ||| qw: Do Orc after D:15 true
     0 | D:1      | 0 ||| qw: Do second Lair branch before Depths: true
     0 | D:1      | 0 ||| qw: Lair rune preference: random
     0 | D:1      | 0 ||| qw: Plans: Normal
     0 | D:1      | 0 ||| PLANNING D:1-11
    24 | D:1      | 24 ||| INVOKING Spit Poison.
    49 | D:1      | 49 ||| INVOKING Spit Poison.
    54 | D:1      | 54 ||| INVOKING Spit Poison.
    73 | D:1      | 73 ||| INVOKING Spit Poison.
    75 | D:1      | Reached skill level 4 in Ranged Weapons
    75 | D:1      | Reached XP level 2. HP: 26/26 MP: 2/2
    86 | D:1      | 86 ||| INVOKING Spit Poison.
    90 | D:1      | 90 ||| INVOKING Spit Poison.
   120 | D:1      | 120 ||| INVOKING Spit Poison.
   127 | D:1      | Reached XP level 3. HP: 32/32 MP: 3/3
   152 | D:1      | 152 ||| INVOKING Spit Poison.
   157 | D:1      | 157 ||| INVOKING Spit Poison.
   160 | D:1      | 160 ||| Stepping ~*~*~tactically~*~*~ (outnumbered).
   162 | D:1      | 162 ||| INVOKING Spit Poison.
   189 | D:1      | 189 ||| INVOKING Spit Poison.
   192 | D:1      | HP: 8/32 [gnoll/+0 spear (5)]
   194 | D:1      | 194 ||| INVOKING Spit Poison.
   194 | D:1      | HP: 3/32 [gnoll/+0 spear (5)]
   324 | D:1      | 324 ||| INVOKING Spit Poison.
   347 | D:1      | 347 ||| INVOKING Spit Poison.
   421 | D:1      | 421 ||| INVOKING Spit Poison.
   530 | D:1      | 530 ||| UPGRADING to amulet of faith.
   535 | D:1      | 535 ||| READING scroll labelled LENISCHAPHU.
   536 | D:1      | 536 ||| READING scroll labelled GOPEANWAMP.
   537 | D:1      | 537 ||| READING scroll labelled GEZAFEO XATOCVA.
   538 | D:1      | 538 ||| DROPPING scroll of butterflies.
   744 | D:2      | Noticed Sigmund
   745 | D:2      | 745 ||| INVOKING Spit Poison.
   750 | D:2      | Killed Sigmund
   751 | D:2      | Reached skill level 6 in Ranged Weapons
   751 | D:2      | Reached XP level 4. HP: 25/39 MP: 4/4
   751 | D:2      | Reached XP level 5. HP: 29/45 MP: 5/5
   857 | D:2      | 857 ||| INVOKING Spit Poison.
   960 | D:2      | 960 ||| INVOKING Spit Poison.
  1088 | D:2      | 1088 ||| INVOKING Spit Poison.
  1092 | D:2      | 1092 ||| INVOKING Spit Poison.
  1113 | D:2      | 1113 ||| UPGRADING to +0 pair of gloves.
  1118 | D:2      | 1118 ||| DRINKING 2 ruby potions.
  1166 | D:3      | 1166 ||| INVOKING Spit Poison.
  1206 | D:3      | 1206 ||| INVOKING Spit Poison.
  1211 | D:3      | 1211 ||| INVOKING Spit Poison.
  1225 | D:3      | 1225 ||| INVOKING Spit Poison.
  1236 | D:3      | 1236 ||| INVOKING Spit Poison.
  1243 | D:3      | 1243 ||| INVOKING Spit Poison.
  1247 | D:3      | 1247 ||| INVOKING Spit Poison.
  1252 | D:3      | Reached XP level 6. HP: 51/55 MP: 6/6
  1285 | D:3      | 1285 ||| INVOKING Spit Poison.
  1292 | D:3      | 1292 ||| INVOKING Spit Poison.
  1296 | D:3      | 1296 ||| INVOKING Spit Poison.
  1315 | D:3      | 1315 ||| INVOKING Spit Poison.
  1321 | D:3      | 1321 ||| INVOKING Spit Poison.
  1324 | D:3      | 1324 ||| INVOKING Spit Poison.
  1329 | D:3      | Reached skill level 3 in Fighting
  1453 | D:3      | 1453 ||| INVOKING Spit Poison.
  1491 | D:3      | 1491 ||| INVOKING Spit Poison.
  1512 | D:3      | 1512 ||| INVOKING Spit Poison.
  1517 | D:3      | 1517 ||| INVOKING Spit Poison.
  1531 | D:3      | 1531 ||| INVOKING Spit Poison.
  1535 | D:3      | HP: 10/56 [ogre/+0 giant club (26)]
  1536 | D:3      | 1536 ||| INVOKING Spit Poison.
  1538 | D:3      | Mangled by an ogre

Levels and vault maps discovered:
D:1:      minmay_arrival_glassed_features, layout_rooms, st_stairs_13,
          minmay_tall_x
D:2:      layout_loops_ring, uniq_sigmund
D:3:      minmay_diamond_boxcup, layout_rooms, roderic_batcave,
          chequers_serial_rivers_room_b

Skill      XL: |  1  2  3  4  5  6 |
---------------+-------------------+-----
Ranged Weapons | 4 6 |  6.2
Fighting       | 3 |  3.2
Dodging        | |  1.5
Stealth        | |  1.5

Action                     |  1- 3 |  4- 6 || total
---------------------------+-------+-------++-------
   Fire: Shortbow          |    45 |    57 ||   102
Ability: Spit Poison       |    16 |    23 ||    39
    Use: Scroll            |     3 |       ||     3
         Potion            |       |     1 ||     1
 Armour: Leather armour    |     9 |     7 ||    16
  Dodge: Dodged            |    13 |    14 ||    27

Table legend:
 A = Non-vault XP
 B = Vault XP
 C = Vault XP percentage of total XP
 D = Non-vault monster count
 E = Vault monster count
 F = Vault count percentage of total count
                 A         B        C        D         E       F
            +---------+---------+-------+---------+---------+-------
      Total |     121 |     288 |  70.4 |      38 |      16 |  29.6
            +---------+---------+-------+---------+---------+-------
        D:1 |      56 |      11 |  16.4 |      19 |       6 |  24.0
        D:2 |      14 |     214 |  93.9 |       7 |       1 |  12.5
        D:3 |      51 |      63 |  55.3 |      12 |       9 |  42.9
            +---------+---------+-------+---------+---------+-------
